 Dungeon Crawl Stone Soup version 0.31.0-1-g2c135a0 (webtiles) character file.

Game seed: 7623394179302236537

386 jagoly the Chopper (level 6, -1/40 HPs)
             Began as a Gargoyle Monk on Jan 27, 2024.
             Slain by a gnoll
             ... wielding a +0 spear
              (7 damage)
             ... on level 4 of the Dungeon.
             The game lasted 00:07:56 (1056 turns).

jagoly the Chopper (Gargoyle Monk)                  Turns: 1056, Time: 00:07:57

Health: -1/40      AC: 14    Str: 16    XL:     6   Next: 78%
Magic:  6/6        EV: 11    Int: 11    God:
Gold:   140        SH:  5    Dex: 12    Spells: 5/5 levels left

rFire   . . .        a - +0 hand axe
rCold   . . .        d - orb {light}
rNeg    + . .        m - +0 ring mail
rPois   ∞            (no helmet)
rElec   +            (no cloak)
rCorr   .            (no gloves)
SInv    .            (no boots)
Will    .....        g - amulet of reflection
Stlth   +            p - +4 ring of protection
HPRegen 0.26/turn    (no ring)
MPRegen 0.10/turn

%: reflection
@: glowing
A: sickness immunity, AC +4, negative energy resistance 1, electricity
resistance, torment resistance 1, petrification resistance
a: no special abilities


You were on level 4 of the Dungeon.
You visited 1 branch of the dungeon, and saw 5 of its levels.

You collected 140 gold pieces.

Inventory:

Hand Weapons
 a - a +0 hand axe (weapon)
Missiles
 h - 21 stones (quivered)
 q - 2 poisoned darts
Armour
 b - a +0 robe
 d - an orb of light (worn)
 f - a +0 leather armour
 k - a +0 kite shield
 m - a +0 ring mail (worn)
Jewellery
 g - an amulet of reflection (around neck)
 p - a +4 ring of protection (left hand)
Scrolls
 i - a scroll of silence {unknown}
 j - a scroll of revelation {unknown}
 l - a scroll of noise {unknown}
 r - a scroll of amnesia {unknown}
 s - a scroll of identify {unknown}
Potions
 c - a potion of ambrosia
 e - a potion of curing
 n - a potion of mutation {unknown}
 o - a potion of degeneration {unknown}
 t - a potion of attraction {unknown}


   Skills:
 + Level 4.8 Fighting
 * Level 5.0 Axes
 + Level 3.0 Armour
 - Level 2.4 Dodging
 - Level 2.0 Stealth


You had 5 spell levels left.
You didn't know any spells.
Your spell library contained the following spells:

 Spells                   Type           Power      Damage    Failure   Level
 Frozen Ramparts          Ice            0%         1d1       89%         3
 Hailstorm                Conj/Ice       0%         3d5       89%         3
 Summon Ice Beast         Ice/Summ       0%         N/A       89%         3
 Leda's Liquefaction      Alch/Erth      0%         N/A       100%        4
 Petrify                  Alch/Erth      0%         N/A       100%        4
 Metabolic Englaciation   Hex/Ice        0%         N/A       100%        5
 Conjure Ball Lightning   Conj/Air       0%         3x3d6     100%        6
 Sculpt Simulacrum        Ice/Alch       0%         N/A       100%        6
 Discord                  Hex            0%         N/A       100%        8
 Disjunction              Tloc           0%         N/A       100%        8


Dungeon Overview and Level Annotations

Branches:
Dungeon (5/15) Zot: 26717
 Temple: D:4-7

Altars:
Vehumet

Annotations:
D:3 Sigmund
D:4 2 transporters, Caterwaul's ghost, amateur TrSh


Innate Abilities, Weirdness & Mutations

You are immune to sickness and miasma.
Your stone body is resilient. (AC +4)
You are immune to poison.
You resist negative energy. (rN+)
You are resistant to electric shocks. (rElec)
You are resistant to unholy torment.
You are immune to petrification.


Message History

The giant cockroach bites you but does no damage.
You hit the giant cockroach but do no damage.
The giant cockroach closely misses you.
You hit the giant cockroach.
The giant cockroach is almost dead.
The giant cockroach barely misses you. The giant cockroach closely misses you.
You hit the giant cockroach.
You kill the giant cockroach!
You slash the sleepcap!
The sleepcap is moderately damaged.
The sleepcap barely misses you.
You hit the sleepcap.
The sleepcap is heavily damaged.
The sleepcap closely misses you.
The sleepcap releases spores at you but does no damage.
You hit the sleepcap.
The sleepcap is severely damaged.
The sleepcap releases spores at you but does no damage.
You hit the sleepcap.
The sleepcap is almost destroyed.
The sleepcap releases spores at you but does no damage.
You hit the sleepcap.
The sleepcap is almost destroyed.
The sleepcap closely misses you.
You hit the sleepcap.
You destroy the sleepcap!
Your Fighting skill increases to level 4!
Your Axes skill increases to level 4!
You have reached level 5!
A giant cockroach comes into view.
You see here a giant cockroach corpse.
There is an open door here.
The giant cockroach bites you but does no damage.
The giant cockroach misses you.
You hit the giant cockroach.
The giant cockroach is heavily wounded.
The giant cockroach bites you but does no damage.
You hit the giant cockroach.
You kill the giant cockroach!
No target in view!
No target in view!
A ribbon worm comes into view.
Found 18 gold pieces.
Found a transporter.
The ogre shouts!
You hit the ribbon worm.
The ribbon worm is lightly wounded.
The ribbon worm bites you.
You slash the ribbon worm!
The ribbon worm is heavily wounded.
The ribbon worm bites you but does no damage.
You hit the ribbon worm.
The ribbon worm is severely wounded.
The ribbon worm expels a string of sticky webbing.
The stream of webbing misses you.
You slash the ribbon worm!
You kill the ribbon worm!
No target in view!
No target in view!
Found a potion of curing.
A goblin comes into view. It is wielding a +0 dagger.
The goblin shouts!
Found a scroll labelled EMISEUBEKO.
A scorpion comes into view.
The scorpion moves out of view.
Found a scroll labelled CITOAX MIOFUYL.
Found a transporter.
Found a dagger.
A goblin comes into view. It is wielding a +0 dagger.
There is a transporter here.
You closely miss the goblin. The goblin hits you with a +0 dagger.
The goblin hits you but does no damage.
You hit the goblin.
The goblin is severely wounded.
The goblin closely misses you.
You hit the goblin.
You kill the goblin!
Caterwaul's ghost whispers, "Meet the emptiness of death!"
You hit the goblin.
You kill the goblin!
No reachable target in view!
Press: ? - help, v - describe, . - travel
Here: Caterwaul's ghost (haloed, fire blocked by a translucent stone wall)
The floor.
e - 2 potions of curing (gained 1)
A giant cockroach comes into view.
Caterwaul's ghost screams, "Zot is a myth, the ORB is a fable, you'll soon be a tale!"
A giant cockroach is nearby!
A black bear comes into view.
The black bear growls angrily.
Caterwaul's ghost says, "I break bones and crack skulls... with my bare hands."
Found a stone staircase leading down.
An adder comes into view.
An orc opens the door.
The orc shouts!
You hit the giant cockroach but do no damage.
The giant cockroach closely misses you.
The giant cockroach bites you but does no damage.
You hit the giant cockroach but do no damage.
The giant cockroach bites you but does no damage.
You hit the giant cockroach.
The giant cockroach is heavily wounded.
The giant cockroach bites you.
Okay, then.
Okay, then.
You hit the giant cockroach.
The giant cockroach is severely wounded.
The giant cockroach barely misses you.
The giant cockroach bites you but does no damage.
You hit the giant cockroach but do no damage.
The giant cockroach is heavily wounded.
The giant cockroach barely misses you.
You hit the giant cockroach.
You kill the giant cockroach!
You completely miss the orc. The orc misses you. The orc closely misses you.
You hit the scorpion.
The scorpion is lightly wounded.
You hit the orc. The scorpion stings you. x2
Caterwaul's ghost whispers, "The ORB doesn't exist."
Cleave: a) +0 hand axe
Press: ? - help, Dir - move target, f - scorpion
Aim: a scorpion (lightly wounded, haloed, about 20% to evade your +0 hand axe)
You hit the scorpion.
The scorpion is heavily wounded.
You barely miss the black bear.
The scorpion stings you but does no damage.
The black bear bites you but does no damage.
The black bear closely misses you.
The black bear claws you but does no damage.
Cleave: a) +0 hand axe
Press: ? - help, Dir - move target, f/p - scorpion
Aim: a scorpion (heavily wounded, haloed, about 20% to evade your +0 hand axe)
You hit the scorpion.
The scorpion is heavily wounded.
You hit the black bear.
The scorpion stings you but does no damage.
The black bear barely misses you.
The black bear claws you but does no damage.
The black bear claws you.
Cleave: a) +0 hand axe
Press: ? - help, Dir - move target, f/p - scorpion
Aim: a scorpion (heavily wounded, haloed, about 20% to evade your +0 hand axe)
You hit the scorpion but do no damage.
The scorpion is heavily wounded.
You hit the black bear but do no damage.
The scorpion barely misses you. The black bear misses you.
The black bear claws you but does no damage.
The black bear barely misses you. The scorpion misses you.
Cleave: a) +0 hand axe
Press: ? - help, Dir - move target, f/p - scorpion
Aim: a scorpion (heavily wounded, haloed, about 20% to evade your +0 hand axe)
You hit the scorpion.
The scorpion is severely wounded.
You hit the black bear.
The scorpion stings you but does no damage.
The black bear bites you but does no damage.
The black bear closely misses you. x2
Cleave: a) +0 hand axe
Press: ? - help, Dir - move target, f/p - scorpion
Aim: a scorpion (severely wounded, haloed, about 20% to evade your +0 hand axe)
You barely miss the scorpion.
The scorpion is severely wounded.
You hit the black bear. The scorpion closely misses you.
The black bear misses you. The black bear barely misses you.
The black bear claws you but does no damage.
Cleave: a) +0 hand axe
Press: ? - help, Dir - move target, f/p - scorpion
Aim: a scorpion (severely wounded, haloed, about 20% to evade your +0 hand axe)
You hit the scorpion but do no damage.
The scorpion is severely wounded.
You hit the black bear. The scorpion misses you. The black bear bites you.
The black bear claws you but does no damage. x2
The scorpion barely misses you.
Cleave: a) +0 hand axe
Press: ? - help, Dir - move target, f/p - scorpion
Aim: a scorpion (severely wounded, haloed, about 20% to evade your +0 hand axe)
You hit the scorpion.
You kill the scorpion!
You hit the black bear but do no damage.
The black bear closely misses you.
The black bear claws you but does no damage. x2
Your Armour skill increases to level 2!
Cleave: a) +0 hand axe
Press: ? - help, Dir - move target, f - black bear
Aim: a black bear (moderately wounded, haloed, about 13% to evade your +0 hand axe)
Okay, then.
Throw: 2 darts (poison)
Press: ? - help, Shift-Dir - straight line, f - black bear
Aim: a black bear (moderately wounded, haloed, 85% to hit)
Okay, then.
Cleave: a) +0 hand axe
Press: ? - help, Dir - move target, f - black bear
Aim: a black bear (moderately wounded, haloed, about 13% to evade your +0 hand axe)
You hit the black bear.
The black bear is heavily wounded.
The black bear bites you. The black bear claws you.
* * * LOW HITPOINT WARNING * * *
The black bear claws you but does no damage.
Cleave: a) +0 hand axe
Press: ? - help, Dir - move target, f/p - black bear
Aim: a black bear (heavily wounded, haloed, about 13% to evade your +0 hand axe)
You slash the black bear!
The black bear is severely wounded.
The black bear completely misses you. The black bear closely misses you.
The black bear barely misses you.
Cleave: a) +0 hand axe
Press: ? - help, Dir - move target, f/p - black bear
Aim: a black bear (severely wounded, haloed, about 13% to evade your +0 hand axe)
You slash the black bear!
You kill the black bear!
The orc closely misses you.
You have reached level 6!
Cleave: a) +0 hand axe
Press: ? - help, Dir - move target, f - orc
Aim: an orc, wielding a +0 dagger and wearing a +0 ring mail (severely wounded, haloed, about 17% to evade your +0 hand axe)
You hit the orc.
You kill the orc!
Cleave: a) +0 hand axe
Press: ? - help, Dir - move target, f - adder
Aim: an adder (haloed, about 37% to evade your +0 hand axe)
You closely miss the adder. The adder bites you but does no damage.
Caterwaul's ghost says, "Very impressive.
But it won't help.
Nothing will."
Cleave: a) +0 hand axe
Press: ? - help, Dir - move target, f/p - adder
Aim: an adder (haloed, about 37% to evade your +0 hand axe)
You hit the adder.
The adder is moderately wounded.
The adder bites you.
* * * LOW HITPOINT WARNING * * *
The adder bites you but does no damage.
Cleave: a) +0 hand axe
Press: ? - help, Dir - move target, f/p - adder
Aim: an adder (moderately wounded, haloed, about 37% to evade your +0 hand axe)
You slash the adder!
You kill the adder!
Cleave: a) +0 hand axe
Press: ? - help, Dir - move target, f - you
Okay, then.
Things that are here:
a +0 dagger; a +0 ring mail; a giant cockroach corpse
Found a quarterstaff.
Found an emerald potion.
There is a stone staircase leading down here.
You climb downwards.
The scorpion stings you but does no damage.
There is a stone staircase leading up here.
You hit the scorpion but do no damage. The scorpion closely misses you.
You barely miss the scorpion. The scorpion barely misses you.
Cleave: a) +0 hand axe
Press: ? - help, Dir - move target, f - scorpion
Aim: a scorpion (haloed, about 20% to evade your +0 hand axe)
You slash the scorpion!
The scorpion is heavily wounded.
The scorpion closely misses you. The scorpion stings you.
* * * LOW HITPOINT WARNING * * *
Cleave: a) +0 hand axe
Press: ? - help, Dir - move target, f/p - scorpion
Aim: a scorpion (heavily wounded, haloed, about 20% to evade your +0 hand axe)
You hit the scorpion.
The scorpion is heavily wounded.
The scorpion misses you.
Cleave: a) +0 hand axe
Press: ? - help, Dir - move target, f/p - scorpion
Aim: a scorpion (heavily wounded, haloed, about 20% to evade your +0 hand axe)
You hit the scorpion.
The scorpion is severely wounded.
The scorpion stings you.
* * * LOW HITPOINT WARNING * * *
Cleave: a) +0 hand axe
Press: ? - help, Dir - move target, f/p - scorpion
Aim: a scorpion (severely wounded, haloed, about 20% to evade your +0 hand axe)
You barely miss the scorpion.
The scorpion is severely wounded.
The scorpion stings you but does no damage.
Cleave: a) +0 hand axe
Press: ? - help, Dir - move target, f/p - scorpion
Aim: a scorpion (severely wounded, haloed, about 20% to evade your +0 hand axe)
You barely miss the scorpion.
The scorpion is severely wounded.
The scorpion closely misses you.
The scorpion stings you but does no damage.
Cleave: a) +0 hand axe
Press: ? - help, Dir - move target, f/p - scorpion
Aim: a scorpion (severely wounded, haloed, about 20% to evade your +0 hand axe)
You hit the scorpion but do no damage.
The scorpion is severely wounded.
The scorpion barely misses you.
Cleave: a) +0 hand axe
Press: ? - help, Dir - move target, f/p - scorpion
Aim: a scorpion (severely wounded, haloed, about 20% to evade your +0 hand axe)
You hit the scorpion.
The scorpion is almost dead.
The scorpion stings you but does no damage.
Cleave: a) +0 hand axe
Press: ? - help, Dir - move target, f/p - scorpion
Aim: a scorpion (almost dead, haloed, about 20% to evade your +0 hand axe)
You completely miss the scorpion.
The scorpion is almost dead.
The scorpion stings you but does no damage.
Cleave: a) +0 hand axe
Press: ? - help, Dir - move target, f/p - scorpion
Aim: a scorpion (almost dead, haloed, about 20% to evade your +0 hand axe)
You hit the scorpion.
You kill the scorpion!
You climb upwards.
Level annotation: 2 transporters, Caterwaul's ghost, amateur TrSh
There is a stone staircase leading down here.
There is an open door here.
t - an emerald potion A gnoll comes into view.
It is wielding a +0 club.
The gnoll shouts!
A gnoll comes into view. It is wielding a +0 halberd.
The gnoll shouts!
The gnoll moves out of view.
An orc comes into view. It is wielding a +0 mace.
The orc shouts!
You hear a shout!
The gnoll closely misses you.
The orc moves out of view.
You hit the gnoll but do no damage. The gnoll hits you with a +0 club.
You hit the gnoll.
The gnoll is moderately wounded.
The gnoll hits you with a +0 club.
You hit the gnoll.
The gnoll is heavily wounded.
The gnoll completely misses you. The gnoll hits you but does no damage.
You completely miss the gnoll.
The gnoll is heavily wounded.
The gnoll barely misses you. x2
You hit the gnoll.
The gnoll is heavily wounded.
The gnoll hits you from afar with a +0 halberd.
* * * LOW HITPOINT WARNING * * *
The gnoll barely misses you. The orc hits you but does no damage.
The gnoll hits you but does no damage.
You slash the gnoll!
You kill the gnoll!
You hit the gnoll. You hit the orc. The orc barely misses you.
The gnoll hits you with a +0 halberd.
* * * LOW HITPOINT WARNING * * *
You slash the gnoll!
The gnoll is severely wounded.
You hit the orc. The orc hits you but does no damage.
The gnoll hits you with a +0 halberd.
* * * LOW HITPOINT WARNING * * *
You hit the gnoll.
The gnoll is almost dead.
You hit the orc.
You kill the orc!
The gnoll misses you. The gnoll hits you with a +0 halberd.
* * * LOW HITPOINT WARNING * * *
Your Axes skill increases to level 5!
You hit the gnoll.
You kill the gnoll!
Things that are here:
a +0 halberd; a gnoll corpse As you open the door, it creaks loudly!
There is an open door here.
Found a leather armour.
An endoplasm comes into view.
The endoplasm quivers.
You hit the endoplasm.
The endoplasm is moderately wounded.
The endoplasm freezes you.
You are frozen.
* * * LOW HITPOINT WARNING * * *
You slash the endoplasm!
You kill the endoplasm!
A goblin comes into view. It is wielding a +0 dagger.
Found a stone staircase leading down.
The goblin shouts!
You hear a shout! x2
A gnoll comes into view. It is wielding a +0 halberd.
The gnoll shouts!
An endoplasm comes into view.
A goblin comes into view. It is wielding a +0 dagger.
You are too injured to fight recklessly!
You are too injured to fight recklessly!
Cleave: a) +0 hand axe
Press: ? - help, Dir - move target, f - goblin
Aim: a goblin, wielding a +0 dagger (haloed, about 27% to evade your +0 hand axe)
You hit the goblin but do no damage. The goblin hits you but does no damage.
Cleave: a) +0 hand axe
Press: ? - help, Dir - move target, f/p - goblin
Aim: a goblin, wielding a +0 dagger (haloed, about 27% to evade your +0 hand axe)
You barely miss the goblin. The gnoll hits you but does no damage.
The goblin closely misses you.
Cleave: a) +0 hand axe
Press: ? - help, Dir - move target, f/p - goblin
Aim: a goblin, wielding a +0 dagger (haloed, about 27% to evade your +0 hand axe)
You hit the goblin.
The goblin is heavily wounded.
The gnoll misses you. The goblin closely misses you.
Cleave: a) +0 hand axe
Press: ? - help, Dir - move target, f/p - goblin
Aim: a goblin, wielding a +0 dagger (heavily wounded, haloed, about 27% to evade your +0 hand axe)
You barely miss the goblin.
The goblin is heavily wounded.
The gnoll closely misses you. The goblin barely misses you.
Cleave: a) +0 hand axe
Press: ? - help, Dir - move target, f/p - goblin
Aim: a goblin, wielding a +0 dagger (heavily wounded, haloed, about 27% to evade your +0 hand axe)
You barely miss the goblin.
The goblin is heavily wounded.
The goblin closely misses you. The gnoll closely misses you.
Cleave: a) +0 hand axe
Press: ? - help, Dir - move target, f/p - goblin
Aim: a goblin, wielding a +0 dagger (heavily wounded, haloed, about 27% to evade your +0 hand axe)
You slash the goblin!
You kill the goblin!
The gnoll hits you from afar with a +0 halberd.
* * * LOW HITPOINT WARNING * * *
Cleave: a) +0 hand axe
Press: ? - help, Dir - move target, f - goblin
Aim: a goblin, wielding a +0 dagger (haloed, about 27% to evade your +0 hand axe)
You hit the goblin.
You kill the goblin!
The gnoll closely misses you. 2 gnolls come into view.
The gnoll shouts! x2
The gnoll hits you but does no damage.
The gnoll moves out of view.
Things that are here:
a +0 dagger; a +0 dagger; a goblin corpse Cleave: a) +0 hand axe
Press: ? - help, Dir - move target, f - gnoll
Aim: a gnoll, wielding a +0 halberd (haloed, about 17% to evade your +0 hand axe)
You hit the gnoll.
The gnoll is moderately wounded.
The gnoll completely misses you.
Cleave: a) +0 hand axe
Press: ? - help, Dir - move target, f/p - gnoll
Aim: a gnoll, wielding a +0 halberd (moderately wounded, haloed, about 17% to evade your +0 hand axe)
You barely miss the gnoll.
The gnoll is moderately wounded.
You barely miss the gnoll. The gnoll barely misses you.
The gnoll hits you but does no damage.
Cleave: a) +0 hand axe
Press: ? - help, Dir - move target, f/p - gnoll
Aim: a gnoll, wielding a +0 halberd (moderately wounded, haloed, about 17% to evade your +0 hand axe)
You barely miss the gnoll.
The gnoll is moderately wounded.
You hit the gnoll. The gnoll barely misses you.
The gnoll hits you with a +0 halberd.
* * * LOW HITPOINT WARNING * * *
Cleave: a) +0 hand axe
Press: ? - help, Dir - move target, f/p - gnoll
Aim: a gnoll, wielding a +0 halberd (moderately wounded, haloed, about 17% to evade your +0 hand axe)
You hit the gnoll.
The gnoll is moderately wounded.
You hit the gnoll but do no damage. The gnoll hits you with a +0 whip.
* * * LOW HITPOINT WARNING * * *
The gnoll hits you with a +0 halberd!
* * * LOW HITPOINT WARNING * * *
The gnoll hits you but does no damage.
Cleave: a) +0 hand axe
Press: ? - help, Dir - move target, f/p - gnoll
Aim: a gnoll, wielding a +0 halberd (moderately wounded, haloed, about 17% to evade your +0 hand axe)
You hit the gnoll but do no damage.
The gnoll is moderately wounded.
You barely miss the gnoll. You hit the gnoll.
The gnoll hits you but does no damage.
A gnoll comes into view. It is wielding a +0 spear.
The gnoll hits you but does no damage. x2
Cleave: a) +0 hand axe
Press: ? - help, Dir - move target, f/p - gnoll
Aim: a gnoll, wielding a +0 halberd (moderately wounded, haloed, about 17% to evade your +0 hand axe)
The gnoll shouts!
You hit the gnoll.
The gnoll is severely wounded.
You hit the gnoll. x2; The gnoll misses you.
The gnoll hits you but does no damage. The gnoll barely misses you.
Cleave: a) +0 hand axe
Press: ? - help, Dir - move target, f/p - gnoll
Aim: a gnoll, wielding a +0 halberd (severely wounded, haloed, about 17% to evade your +0 hand axe)
You hit the gnoll.
You kill the gnoll!
You hit the gnoll but do no damage. You hit the gnoll.
The gnoll hits you but does no damage. The gnoll barely misses you.
Your Armour skill increases to level 3!
The gnoll attacks as it pursues you! The gnoll barely misses you.
Cleave: a) +0 hand axe
Press: ? - help, Dir - move target, f - gnoll
Aim: a gnoll, wielding a +0 whip (heavily wounded, haloed, about 17% to evade your +0 hand axe)
Okay, then.
You feel better. The gnoll hits you with a +0 whip.
* * * LOW HITPOINT WARNING * * *
Cleave: a) +0 hand axe
Press: ? - help, Dir - move target, f - gnoll
Aim: a gnoll, wielding a +0 whip (heavily wounded, haloed, about 17% to evade your +0 hand axe)
You hit the gnoll.
The gnoll is severely wounded.
The gnoll hits you but does no damage.
Cleave: a) +0 hand axe
Press: ? - help, Dir - move target, f/p - gnoll
Aim: a gnoll, wielding a +0 whip (severely wounded, haloed, about 17% to evade your +0 hand axe)
You barely miss the gnoll.
The gnoll is severely wounded.
The gnoll hits you but does no damage. The gnoll closely misses you.
Cleave: a) +0 hand axe
Press: ? - help, Dir - move target, f/p - gnoll
Aim: a gnoll, wielding a +0 whip (severely wounded, haloed, about 17% to evade your +0 hand axe)
You barely miss the gnoll.
The gnoll is severely wounded.
The gnoll hits you from afar with a +0 spear!
You die...

#..[...###
#.........'.#.#
#........#
####.........###.#
#........#
#...########.#...#
#........## #.......#
##.#.#.## #####.....#
#.......# #..#....#
#.....####.......#
#.......#
#.........gg.....#
#.####..#
#####....##g#....#
#..###### #....##@#....#
#..#.....
#....##'#....###..#..##.
#....#..)......#..#.#..#
######..).....)#..#.#..#
#.)........)©#$.##.
#.........)..#$....
#.........#.©#..##.
#######.........#..#.#..#
#...............#..#.#..#


You could see 3 gnolls.

Vanquished Creatures
  A black bear (D:4)
  2 scorpions
  A sleepcap (D:4)
  An iguana (D:4)
  3 gnolls (D:4)
  4 adders
  2 ribbon worms (D:4)
  A dart slug (D:1)
  3 orcs
  A bat (D:2)
  3 endoplasms
  4 giant cockroaches
  7 goblins
  5 hobgoblins
  4 jackals (D:3)
  A kobold (D:3)
  2 quokkas (D:1)
  4 ball pythons
  2 frilled lizards
  3 rats
54 creatures vanquished.

Notes
Turn   | Place    | Note
-------+----------+-------------------------------------------
     0 | D:1      | jagoly the Gargoyle Monk began the quest for the Orb.
     0 | D:1      | Reached XP level 1. HP: 14/14 MP: 1/1
   206 | D:1      | Reached skill level 3 in Axes
   206 | D:1      | Reached XP level 2. HP: 19/19 MP: 2/2
   248 | D:2      | Reached skill level 1 in Stealth
   352 | D:2      | Reached XP level 3. HP: 22/23 MP: 3/3
   504 | D:2      | Found a radiant altar of Vehumet.
   656 | D:3      | Reached XP level 4. HP: 28/29 MP: 4/4
   702 | D:3      | Noticed Sigmund
   738 | D:4      | Reached skill level 1 in Armour
   781 | D:5      | Entered Level 5 of the Dungeon
   847 | D:4      | Reached skill level 4 in Axes
   847 | D:4      | Reached XP level 5. HP: 25/33 MP: 5/5
   864 | D:4      | Found a transporter.
   864 | D:4      | Identified the +5 dire flail of Yredelemnul's Respect
                  | {freeze, Str+4 Int-3 Dex+4}
   864 | D:4      | Noticed an ogre
   864 | D:4      | Noticed Caterwaul's ghost (amateur TrSh)
   877 | D:4      | Found a transporter.
   890 | D:4      | Noticed a black bear
   910 | D:4      | Killed a black bear
   911 | D:4      | Reached XP level 6. HP: 20/39 MP: 6/6
   989 | D:4      | Reached skill level 5 in Axes
  1048 | D:4      | HP: 1/40 [gnoll/+0 halberd (7)]
  1056 | D:4      | Slain by a gnoll

Illustrated notes

Levels and vault maps discovered:
D:1:      pf_arrival_petrified_forest, layout_loops_ring,
          chequers_ecumenical_altar_island, minmay_misc_feat_pillars,
          st_stairs_8, minivault_11
D:2:      layout_loops_ring, basic_altar, hangedman_abyss_or_decor_stabs,
          grunt_decor_resistance, uniq_terence
D:3:      layout_basic, uniq_sigmund
D:4:      layout_basic, mainiacjoe_overflow_tiny_flanked, gammafunk_ghost_smash
D:5:      layout_basic, minmay_misc_feat_doors

Skill      XL: |  1  2  3  4  5  6 |
---------------+-------------------+-----
Axes           | 3 4 5 |  5.0
Stealth        | 1 2 |  2.0
Armour         | 1 2 3 |  3.0
Fighting       | 4 |  4.8
Dodging        | |  2.4

Action                     |  1- 3 |  4- 6 || total
---------------------------+-------+-------++-------
  Melee: Hand axe          |    76 |   109 ||   185
    Use: Potion            |       |     2 ||     2
 Armour: Leather armour    |    20 |       ||    20
         Robe              |     2 |       ||     2
         Ring mail         |    23 |    99 ||   122
  Dodge: Dodged            |    45 |    82 ||   127
